 Dungeon Sprint DCSS version 0.28-a0-863-g8cecda6153 (webtiles) character file.

Game seed: 12191946751562846816

682 emperorscorpion the Thaumaturge (level 7, 0/46 HPs)
             Began as a Djinni Air Elementalist on Nov 18, 2021.
             Was a Believer of Makhleb.
             Slain by a two-headed ogre (10 damage)
             ... in the Dungeon (Sprint IX: "|||||||||||||||||||||||||||||").
             The game lasted 00:02:44 (338 turns).

emperorscorpion the Thaumaturge (DjAE)               Turns: 338, Time: 00:02:44

Health: 0/46       AC:  7    Str:  7    XL:     7   Next: 93%
Gold:   0          EV: 15    Int: 18    God:    Makhleb [**....] SH:  0 Dex: 17

rFire   + + .      SeeInvis .   i - +2 rapier (drain)
rCold   x . .      Faith    .   (no shield)
rNeg    . . .      Spirit   .   a - +0 robe
rPois   ∞          Reflect  .   (no helmet)
rElec   .          Harm     .   l - +0 cloak
rCorr   .          Rampage  .   k - +0 pair of gloves
Will    .....      NoTele   +   (boots unavailable)
Stlth   ++........              (no amulet)
HPRegen 0.15/turn               n - +2 ring of protection
MPRegen 0.00/turn               o - +3 ring of dexterity

@: flying, hasted, invisible, very quick
A: sickness immunity, fire resistance 2, cold vulnerability 1, float, innate
caster, hp casting, extra vitality 1
a: Renounce Religion, Minor Destruction


You were in the Dungeon.
You worshipped Makhleb.
Makhleb was pleased with you.
You visited 1 branch

Inventory:

Hand Weapons
 i - a +2 rapier of draining (weapon)
 j - a +2 scimitar of flaming
Armour
 a - a +0 robe (worn)
 e - +0 acid dragon scales
 k - a +0 pair of gloves (worn)
 l - a +0 cloak (worn)
 m - a +1 chain mail
Jewellery
 n - a +2 ring of protection (left hand)
 o - a +3 ring of dexterity (right hand)
Wands
 h - a wand of iceblast (3)
Scrolls
 f - a scroll of blinking
Potions
 b - 5 potions of curing


   Skills:
 + Level 0.3 Fighting
 + Level 0.8 Short Blades
 * Level 5.7 Armour
 + Level 6.3 Dodging
 - Level 2.5 Stealth
 + Level 9.6 Spellcasting
 * Level 5.8 Invocations
 + Level 2.5 Evocations


You had 9 spell levels left.
You knew the following spells:

 Your Spells              Type           Power      Damage    Failure   Level
a - Shock                 Conj/Air       100%       1d9       1%          1
b - Static Discharge      Conj/Air       43%        N/A       1%          2
c - Swiftness             Air            43%        N/A       1%          3
d - Airstrike             Air            21%        N/A       1%          4
e - Foxfire               Conj/Fire      100%       2x1d9     1%          1
f - Corpse Rot            Necr/Air       86%        N/A       1%          2
g - Conjure Flame         Conj/Fire      43%        6-21      1%          3
Your spell library was empty.

Dungeon Overview and Level Annotations

Branches:
Dungeon (1/1)

Altars:
Cheibriados
Dithmenos
Elyvilon
Fedhas
Gozag
Hepliaklqana
Kikubaaqudgha
Makhleb
Nemelex Xobeh
Okawaru
Qazlal
Ru
Sif Muna
Trog
Uskayaw
Vehumet
Wu Jian
Xom
Yredelemnul
Zin
The Shining One
Beogh
Jiyva
Lugonu


Innate Abilities, Weirdness & Mutations

You are immune to sickness and miasma.
You are immune to poison.
Your flesh is very heat resistant. (rF++)
You are vulnerable to cold. (rC-)
You float through the air rather than walking.
You learn spells naturally, not from books.
Your magical power is your life essence.
You have superior vitality. (+4 HP)


Message History

The tengu conjurer mumbles some strange words.
Nothing appears to happen.
The centaur warrior is engulfed in dark miasma.
The centaur warrior looks as sick as possible!
The cyclops shouts!
Okay, then.
Casting: Corpse Rot (safe; 1% risk of failure)
Confirm with . or Enter, or press ? or * to list all spells.
The two-headed ogre is struck by an arc of lightning!
The two-headed ogre is lightly wounded.
The tengu conjurer is struck by an arc of lightning.
The tengu conjurer is lightly wounded.
The two-headed ogre is struck by an arc of lightning!
The two-headed ogre is moderately wounded.
The tengu conjurer is struck by an arc of lightning!
The tengu conjurer is moderately wounded.
The lightning grounds out.
The centaur warrior shouts!
The two-headed ogre barely misses you. The two-headed ogre closely misses you.
The centaur warrior is engulfed in calcifying dust.
The centaur warrior is moving more slowly.
Unknown command.
Unknown command.
Casting: Static Discharge (safe; 1% risk of failure)
Confirm with . or Enter, or press ? or * to list all spells.
The two-headed ogre is struck by an arc of lightning!
The two-headed ogre is heavily wounded.
You are struck by an arc of lightning.
The two-headed ogre is struck by an arc of lightning!
The two-headed ogre is severely wounded.
The lightning grounds out.
The two-headed ogre closely misses you.
The two-headed ogre hits you with a +0 giant spiked club!
* * * LOW HITPOINT WARNING * * *
Unknown command.
Unknown command.
Okay, then.
You feel yourself speed up.
The two-headed ogre completely misses you.
The two-headed ogre hits you with a +0 giant spiked club!
You die...

▓+▓
▓@▓
▓O▓
▓Q▓
▓Y▓
▓C▓
▓.▓
▓'▓
▓.▓
▓§▓


You could see a catoblepas, a two-headed ogre, a cyclops (very poisoned, slow)
and a tengu conjurer.

Vanquished Creatures
  A gargoyle (D)
  A hornet (D)
  An acid dragon (D)
  A jelly (D)
  An orc priest (D)
  An adder (D)
  A shadow imp (D)
  2 dart slugs (D)
  An orc (D)
  A bat (D)
  2 bat zombies (D)
  An endoplasm (D)
  A frilled lizard (D)
  A rat (D)
16 creatures vanquished.

Notes
Turn   | Place    | Note
-------+----------+-------------------------------------------
     0 | D        | emperorscorpion the Djinni Air Elementalist began the quest
                  | for the Orb.
     0 | D        | Reached XP level 1. HP: 15/15 MP: 0/0
     6 | D        | Reached skill level 3 in Spellcasting
     7 | D        | Reached XP level 2. HP: 17/21 MP: 0/0
    66 | D        | Reached skill level 5 in Spellcasting
    66 | D        | Reached XP level 3. HP: 19/25 MP: 0/0
    66 | D        | Learned a level 1 spell: Foxfire
    66 | D        | Reached XP level 4. HP: 24/31 MP: 0/0
    73 | D        | Found a snail-covered altar of Cheibriados.
    73 | D        | Found a shadowy altar of Dithmenos.
    73 | D        | Found a white marble altar of Elyvilon.
    73 | D        | Found a blossoming altar of Fedhas.
    73 | D        | Found an opulent altar of Gozag.
    74 | D        | Found a hazy altar of Hepliaklqana.
    75 | D        | Found a viscous altar of Jiyva.
    77 | D        | Found a corrupted altar of Lugonu.
    78 | D        | Found a burning altar of Makhleb.
    79 | D        | Found a sparkling altar of Nemelex Xobeh.
    80 | D        | Found an iron altar of Okawaru.
    81 | D        | Found a stormy altar of Qazlal.
    82 | D        | Found a sacrificial altar of Ru.
    84 | D        | Found a bloodstained altar of Trog.
    85 | D        | Found a hide-covered altar of Uskayaw.
    86 | D        | Became a worshipper of Makhleb the Destroyer
    88 | D        | Found an ornate altar of the Wu Jian Council.
    89 | D        | Found a shimmering altar of Xom.
    90 | D        | Found a basalt altar of Yredelemnul.
    91 | D        | Found a glowing silver altar of Zin.
    92 | D        | Found a glowing golden altar of the Shining One.
   167 | D        | Noticed a gargoyle
   167 | D        | Noticed a hornet
   167 | D        | Noticed an acid dragon
   171 | D        | Killed an acid dragon
   172 | D        | Reached skill level 7 in Spellcasting
   172 | D        | Reached XP level 5. HP: 16/35 MP: 0/0
   172 | D        | Learned a level 2 spell: Corpse Rot
   175 | D        | Reached * piety under Makhleb
   176 | D        | Reached skill level 1 in Evocations
   176 | D        | Reached XP level 6. HP: 40/40 MP: 0/0
   177 | D        | Killed a hornet
   178 | D        | Reached skill level 5 in Dodging
   178 | D        | Reached skill level 8 in Spellcasting
   178 | D        | Reached XP level 7. HP: 45/45 MP: 0/0
   178 | D        | Learned a level 3 spell: Conjure Flame
   189 | D        | Killed a gargoyle
   190 | D        | Reached skill level 5 in Armour
   190 | D        | Reached skill level 9 in Spellcasting
   190 | D        | Reached skill level 5 in Invocations
   190 | D        | Reached ** piety under Makhleb
   329 | D        | Noticed a two-headed ogre
   329 | D        | Noticed a tengu conjurer
   329 | D        | Noticed a boulder beetle
   329 | D        | Noticed a catoblepas
   329 | D        | Noticed a cyclops
   329 | D        | Noticed a centaur warrior
   338 | D        | Slain by a two-headed ogre

Illustrated notes

Levels and vault maps discovered:
D:        linesprint [early_d, line_temple, items_1, d_10, items_2, lair_1,
          lair_end, items_3, orc_1, orc_end, items_4, d_15, swamp_1, shoals_1,
          snake_1, spider_1, d_20, vaults_1, items_5, swamp_end, shoals_end,
          snake_end, spider_end, vaults_end, d_27, items_6, zot_1, zot_end,
          crypt_end, forest_end, elf_end, slime_end, tomb_end, abyss_end,
          pan_hell_end]

Skill      XL: |  1  2  3  4  5  6  7 |
---------------+----------------------+-----
Spellcasting   | 3 5 7 8 9 |  9.6
Stealth        | 2 |  2.5
Dodging        | 3 4 5 6 |  6.3
Armour         | 2 3 4 5 |  5.7
Invocations    | 2 3 4 5 |  5.8
Evocations     | 1 2 |  2.5
Fighting       | |  0.3
Short Blades   | |  0.8

Action                   |  1- 3 |  4- 6 |  7- 9 || total
-------------------------+-------+-------+-------++-------
Melee: Rapier            |       |       |    13 ||    13
 Cast: Shock             |     8 |       |       ||     8
       Static Discharge  |       |     1 |     2 ||     3
       Swiftness         |       |     1 |       ||     1
       Corpse Rot        |       |     1 |     1 ||     2
Evoke: Wand              |       |     7 |       ||     7
  Use: Potion            |       |     2 |     4 ||     6
       Scroll            |       |       |     1 ||     1
Armor: Robe              |       |       |     1 ||     1
Dodge: Dodged            |     3 |       |    17 ||    20

Table legend: (Time is in decaauts)
 A = Elapsed time spent in this place.
 B = Non-inter-level travel time spent in this place.
 C = Inter-level travel time spent in this place.
 D = Time resting spent in this place.
 E = Time spent auto-exploring this place.
 F = Levels seen in this place.
 G = Mean time per level.
                   A        B        C        D        E       F      G
               +--------+--------+--------+--------+--------+-----+--------+
         Total |    344 |    344 |      0 |    213 |      0 |   1 |  344.0 |
       Dungeon |    344 |    344 |      0 |    213 |      0 |   1 |  344.0 |
               +--------+--------+--------+--------+--------+-----+--------+

Top non-repeatable levels by time:
       D: 344 daAuts
